 Dungeon Crawl Stone Soup version 0.18.1-50-g88ac8fd (webtiles) character file.

1992 sleepydude the Shield-Bearer (level 9, -9/81 HPs)
             Began as a Deep Dwarf Fighter on Oct 8, 2016.
             Was an Initiate of Makhleb.
             Mangled by an orc warrior
             ... wielding a +0 halberd
              (18 damage)
             ... on level 5 of the Dungeon.
             The game lasted 00:22:33 (5013 turns).

sleepydude the Shield-Bearer (Deep Dwarf Fighter)   Turns: 5013, Time: 00:22:34

Health: -9/81      AC: 15    Str: 24    XL:     9   Next: 1%
Magic:  7/7        EV:  6    Int:  8    God:    Makhleb [......]
Gold:   160        SH: 11    Dex: 12    Spells: 0 memorised, 8 levels left

rFire  . . .     SeeInvis .     a - +0 flail
rCold  . . .     Gourm    .     t - +0 plate armour
rNeg   . . .     Faith    .     c - +0 shield
rPois  .         Spirit   .     (no helmet)
rElec  .         Dismiss  .     o - +0 cloak
rCorr  .         Reflect  .     J - +0 pair of gloves
SustAt .         Harm     .     (no boots)
MR     +....                    (no amulet)
Stlth  ..........               F - ring of wizardry
                                y - +4 ring of slaying

@: non-regenerating, somewhat resistant to hostile enchantments, extremely
unstealthy
A: damage resistance, recharge devices, sense surroundings 2, slow regeneration
3
a: Device Recharging, Renounce Religion


You were on level 5 of the Dungeon.
You worshipped Makhleb.
Makhleb was noncommittal.
You were not hungry.

You visited 1 branch of the dungeon, and saw 5 of its levels.
You also visited: Sewer and Ossuary.

You collected 160 gold pieces.

Inventory:

Hand Weapons
 a - a +0 flail (weapon)
Armour
 c - a +0 shield (worn)
 h - a +0 pair of gloves
 o - a +0 cloak (worn)
 t - a +0 plate armour (worn)
 J - a +0 pair of gloves (worn)
Jewellery
 v - an uncursed ring of sustain attributes
 y - a +4 ring of slaying (left hand)
 F - a ring of wizardry (right hand)
Wands
 e - a wand of heal wounds (2/9)
 A - a wand of slowing (22/48)
Scrolls
 k - 2 scrolls of recharging {unknown}
 l - a scroll of enchant weapon {unknown}
 n - 7 scrolls of remove curse
 p - 6 scrolls of identify {unknown}
 s - 4 scrolls of random uselessness {unknown}
 z - 2 scrolls of amnesia {unknown}
 C - 2 scrolls of blinking {unknown}
 D - 2 scrolls of immolation {unknown}
 H - a scroll of teleportation {unknown}
Potions
 b - a potion of heal wounds {unknown}
 d - 2 potions of might
 g - 3 potions of cure mutation {unknown}
 i - 2 potions of curing {unknown}
 m - 3 potions of ambrosia {unknown}
 q - 2 potions of brilliance {unknown}
 r - a potion of agility {unknown}
 u - 3 potions of degeneration {unknown}
 x - 2 potions of haste {unknown}
 B - a potion of cancellation {unknown}
 E - a potion of invisibility {unknown}
Books
 w - a book of Geomancy

   Spells                             Type                      Level
   a - Sandblast                      Earth                        1
   b - Passwall                       Transmutation/Earth          2
   c - Stone Arrow                    Conjuration/Earth            3
   d - Petrify                        Transmutation/Earth          4
   e - Lee's Rapid Deconstruction     Earth                        5
Comestibles
 f - 3 bread rations
 j - 3 meat rations


   Skills:
 + Level 5.2 Fighting
 + Level 5.9 Maces & Flails
 + Level 6.8 Armour
 + Level 2.9 Dodging
 + Level 0.3 Stealth
 + Level 7.8 Shields
 + Level 1.1 Evocations


You had 8 spell levels left.
You didn't know any spells.

Dungeon Overview and Level Annotations

Branches:
Dungeon (5/15)
 Temple: D:4-7

Altars:
Ashenzari
Elyvilon
Fedhas
Kikubaaqudgha
Makhleb
Nemelex Xobeh
Okawaru
Trog
Zin


Innate Abilities, Weirdness & Mutations

You are resistant to damage.
You can recharge devices by infusing magical energy.
You passively map the area around you.
You do not regenerate naturally.


Message History

The orc warrior hits you with a halberd.
The orc wizard casts a spell at you. The magic dart hits you!
* * * LOW HITPOINT WARNING * * *
You hit the orc warrior but do no damage.
The orc warrior is severely wounded.
You block the orc wizard's attack.
The orc warrior hits you but does no damage.
The orc wizard hits you but does no damage.
You hit the orc warrior.
The orc warrior is almost dead.
You block the orc wizard's attack.
The orc warrior hits you with a halberd!
* * * LOW HITPOINT WARNING * * *
You block the orc wizard's attack.
Your plate armour prevents you from hitting the orc warrior.
The orc warrior is almost dead.
You block the orc wizard's attack.
The orc warrior hits you with a halberd!!
You die...

*, .................#
,................#
#.............## ##
#............#
##.####............# #
##...##............####
##.......##........##
#. #.....)o####.......#
##. ##.....o@##
##.....## #..
#......((.#
####...###..
##....(...# ##...##..
#........# ##..#...
#........# ##.....
##.....### ######
###..## ####


You could see an orc warrior and an orc wizard.

Vanquished Creatures
  The ghost of sleepydude the Shield-Bearer, a novice DDFi (D:4)
  2 wraiths (Ossuary)
  A sky beast (D:4)
  A centaur (D:5)
  A giant frog (Sewer)
  An elf skeleton (D:4)
  A scorpion (D:4)
  2 wights (Ossuary)
  2 howler monkeys
  A crimson imp (D:5)
  A giant frog zombie (D:4)
  4 orc priests
  2 hounds
  2 human skeletons (D:4)
  An iguana (D:5)
  5 orc wizards
  4 worker ants
  Robin (D:2)
  A gnoll (D:1)
  13 adders
  An ooze (D:3)
  3 worms
  3 dart slugs
  5 giant geckos
  20 orcs
  11 giant cockroaches
  19 goblins
  11 hobgoblins
  3 jackals (D:1)
  5 kobolds
  2 ball pythons (Sewer)
  A ball python skeleton (Ossuary)
  8 bats
  A giant gecko zombie (D:5)
  7 giant newts
  3 hobgoblin skeletons (Ossuary)
  2 hobgoblin zombies (Ossuary)
  A jackal skeleton (D:4)
  3 orc skeletons (D:4)
  3 orc zombies (Ossuary)
  6 rats
165 creatures vanquished.

Vanquished Creatures (others)
  An orc wizard (D:3)
1 creature vanquished.

Grand Total: 166 creatures vanquished

Notes
Turn   | Place    | Note
--------------------------------------------------------------
     0 | D:1      | sleepydude the Deep Dwarf Fighter began the quest for the Orb.
     0 | D:1      | Reached XP level 1. HP: 20/20 MP: 1/1
   176 | D:1      | Reached XP level 2. HP: 20/27 MP: 2/2
   483 | D:1      | Reached XP level 3. HP: 29/34 MP: 3/3
   893 | D:2      | Reached skill level 1 in Dodging
   967 | D:2      | Noticed Robin
  1005 | D:2      | Killed Robin
  1005 | D:2      | Reached skill level 4 in Shields
  1005 | D:2      | Reached XP level 4. HP: 29/42 MP: 4/4
  1229 | D:2      | Found a shattered altar of Ashenzari.
  1233 | D:2      | Saw a vision of the Shoals and the Spider Nest.
  1233 | D:2      | Noticed a wolf spider
  1233 | D:2      | Noticed a redback
  1233 | D:2      | Noticed a redback
  1233 | D:2      | Noticed a redback
  1233 | D:2      | Noticed a redback
  1233 | D:2      | Noticed a wolf spider
  1233 | D:2      | Noticed a redback
  1233 | D:2      | Noticed a sea snake
  1233 | D:2      | Noticed a hippogriff
  1233 | D:2      | Noticed a sea snake
  1233 | D:2      | Noticed a hippogriff
  1233 | D:2      | Noticed a merfolk
  1233 | D:2      | Noticed a sea snake
  1234 | D:2      | Noticed a merfolk
  1234 | D:2      | Noticed a redback
  1234 | D:2      | Noticed a merfolk
  1235 | D:2      | Noticed a siren
  1235 | D:2      | Noticed a hippogriff
  1235 | D:2      | Noticed a wolf spider
  1273 | D:2      | Found a bloodstained altar of Trog.
  1714 | D:3      | Found a glowing drain.
  1762 | Sewer    | Entered a sewer
  1942 | Sewer    | Reached XP level 5. HP: 39/49 MP: 5/5
  2092 | Sewer    | Reached skill level 5 in Shields
  2158 | D:3      | Reached XP level 6. HP: 39/57 MP: 6/6
  2337 | D:3      | Found a blossoming altar of Fedhas.
  3038 | D:4      | Noticed sleepydude's ghost (novice DDFi)
  3038 | D:4      | Reached XP level 7. HP: 37/63 MP: 6/6
  3045 | D:4      | Killed sleepydude's ghost
  3045 | D:4      | Reached skill level 5 in Armour
  3045 | D:4      | Reached skill level 6 in Shields
  3082 | D:4      | Found a sand-covered staircase.
  3089 | Ossuary  | Entered an ossuary
  3178 | Ossuary  | Noticed a flying skull
  3178 | Ossuary  | Noticed a wraith
  3185 | Ossuary  | Noticed a flying skull
  3205 | Ossuary  | Noticed a flying skull
  3207 | Ossuary  | Noticed a flying skull
  3210 | Ossuary  | Noticed a wraith
  3218 | Ossuary  | Killed a wraith
  3218 | Ossuary  | Reached skill level 1 in Evocations
  3218 | Ossuary  | Reached XP level 8. HP: 51/73 MP: 7/7
  3251 | Ossuary  | Noticed a flying skull
  3276 | Ossuary  | Reached skill level 7 in Shields
  3770 | D:4      | Reached skill level 5 in Maces & Flails
  3997 | D:5      | Entered Level 5 of the Dungeon
  4032 | D:5      | Reached skill level 5 in Fighting
  4565 | D:5      | Found a glowing silver altar of Zin.
  4567 | D:5      | Found a sparkling altar of Nemelex Xobeh.
  4568 | D:5      | Found an ancient bone altar of Kikubaaqudgha.
  4570 | D:5      | Found a burning altar of Makhleb.
  4570 | D:5      | Found a white marble altar of Elyvilon.
  4592 | D:5      | Found an iron altar of Okawaru.
  4607 | D:5      | Became a worshipper of Makhleb the Destroyer
  4982 | D:5      | Gained mutation: You passively map the area around you. [Deep Dwarf growth]
  4982 | D:5      | Reached XP level 9. HP: 45/81 MP: 7/7
  5013 | D:5      | Mangled by an orc warrior

Skill      XL: |  1  2  3  4  5  6  7  8 |
---------------+-------------------------+-----
Fighting       | 3 4 5 |  5.2
Dodging        | 1 2 |  2.9
Shields        | 4 5 6 7 |  7.8
Armour         | 4 5 6 |  6.8
Maces & Flails | 3 4 5 |  5.9
Evocations     | 1 |  1.1
Stealth        | |  0.3

Action                   |  1- 3 |  4- 6 |  7- 9 || total
-------------------------+-------+-------+-------++-------
Melee: Flail             |   187 |   357 |   282 ||   826
 Abil: Device Recharging |       |     1 |     1 ||     2
Evoke: Wand              |     2 |     2 |     8 ||    12
  Use: Scroll            |       |     1 |       ||     1
       Potion            |       |       |     1 ||     1
  Eat: Chunk             |       |     9 |     5 ||    14
       Pizza             |       |       |     1 ||     1
Armor: Scale mail        |   117 |    11 |       ||   128
       Plate armour      |       |   210 |   139 ||   349
Dodge: Dodged            |    99 |    73 |    48 ||   220
Block: Shield            |   160 |   218 |   162 ||   540
